 Dungeon Crawl Stone Soup version 0.16-a0-3458-g6d2551d (webtiles) character file.

142 Miyamura the Gusty (level 5, 0/33 HPs)
             Began as a High Elf Air Elementalist on Jan 1, 2015.
             Slain by an orc
             ... wielding a +2 falchion of venom
              (5 damage)
             ... on level 4 of the Dungeon.
             The game lasted 00:14:34 (4743 turns).

Miyamura the Gusty (High Elf Air Elementalist)      Turns: 4743, Time: 00:14:34

Health: 0/33       AC:  5    Str:  8    XL:     5   Next: 4%
Magic:  14/14      EV: 12    Int: 19    God:
Gold:   151        SH:  0    Dex: 15    Spells: 4 memorised, 3 levels left

rFire  . . .     SeeInvis .     l - +2 mace (drain)
rCold  . . .     Clarity  .     n - +0 leather armour
rNeg   . . .     SustAb   .     (no shield)
rPois  +         Gourm    .     a - +1 hat
rElec  .         Spirit   .     g - +0 cloak
rCorr  .         Warding  .     (no gloves)
rMut   .         Stasis   .     (no boots)
MR     .....                    r - amulet of faith
Stlth  ++........               (no ring)
                                d - ring of poison resistance

@: lethally poisoned, repel missiles, not resistant to hostile enchantments,
unstealthy
A: no striking features
a: no special abilities


You were on level 4 of the Dungeon.
You were not hungry.

You visited 1 branch of the dungeon, and saw 4 of its levels.

You collected 151 gold pieces.

Inventory:

Hand weapons
 l - a +2 mace of draining (weapon)
Armour
 a - a +1 hat (worn)
 g - a +0 cloak (worn)
 n - a +0 leather armour (worn)
Jewellery
 d - a ring of poison resistance (left hand)
 r - an amulet of faith (around neck)
Scrolls
 e - a scroll of teleportation
 q - 2 scrolls of identify
Potions
 f - a potion of flight {unknown}
 j - a potion of invisibility {unknown}
 o - a potion of agility {unknown}
Books
 b - a book of Air

   Spells                             Type                      Level
   a - Shock                          Conjuration/Air              1
   b - Swiftness                      Charms/Air                   2
   c - Repel Missiles                 Charms/Air                   2
   d - Flight                         Charms/Air                   3
   e - Static Discharge               Conjuration/Air              3
   f - Lightning Bolt                 Conjuration/Air              5
Comestibles
 c - 3 bread rations
 h - a meat ration
 i - a slice of pizza
 m - a royal jelly


   Skills:
 + Level 1.6 Fighting
 + Level 3.2 Dodging
 - Level 2.1 Stealth
 + Level 3.5 Spellcasting
 + Level 2.3 Conjurations
 + Level 4.5 Air Magic


You had 3 spell levels left.
You knew the following spells:

 Your Spells              Type           Power        Failure   Level  Hunger
a - Shock                 Conj/Air       ###.         4%          1    None
b - Swiftness             Chrm/Air       ##......     10%         2    ##.....
c - Repel Missiles        Chrm/Air       ##....       10%         2    ##.....
d - Static Discharge      Conj/Air       ###.....     12%         3    ###....


Dungeon Overview and Level Annotations

Branches:
Dungeon (4/15)
 Temple: D:4-7

Altars:
Fedhas
Nemelex Xobeh

Annotations:
D:3 NewYearsCrawler's ghost, average FoFi


Message History

Your attempt to break free from the ball python fails, but you feel that another attempt might succeed.
The orc closely misses you. The orc hits you but does no damage.
The orc hits you but does no damage. The ball python barely misses you.
The ball python constricts you. The giant gecko barely misses you.
You escape the ball python's grasp.
The orc wizard shouts!
The orc wizard gestures wildly while chanting.
The orc wizard blinks!
The orc hits you with a short sword.
* * * LOW HITPOINT WARNING * * *
The orc hits you but does no damage. x2
You are poisoned.
The giant gecko bites you but does no damage.
The ball python closely misses you. The ball python grabs you.
You stop ascending the stairs.
The ball python constricts you.
You escape the ball python's grasp.
You feel sick. The orc barely misses you. The giant gecko bites you.
* * * LOW HITPOINT WARNING * * *
The orc closely misses you.
The orc hits you with a falchion of venom.
You die...

. . #.. ... #..
.... ##... .....
##..($.###.......
.......o@SZ...o..
....(..ool.......
..........ยง>.#.
.........#####
......?### ....##
..# #


You could see an orc wizard, 3 orcs, a giant gecko, a ball python and a bat
skeleton.

Vanquished Creatures
  A hound (D:2)
  2 adders (D:2)
  3 worms
  3 giant geckos (D:3)
  An ooze (D:2)
  3 orcs
  3 ball pythons (D:2)
  5 bats
  4 giant cockroaches
  13 goblins
  5 hobgoblins
  3 jackals (D:3)
  5 kobolds
  2 quokkas
  5 giant newts
  7 rats
65 creatures vanquished.

Notes
Turn   | Place    | Note
--------------------------------------------------------------
     0 | D:1      | Miyamura, the High Elf Air Elementalist, began the quest for the Orb.
     0 | D:1      | Reached XP level 1. HP: 11/11 MP: 4/4
   324 | D:1      | Found a sparkling altar of Nemelex Xobeh.
   471 | D:1      | Reached XP level 2. HP: 18/18 MP: 0/6
   530 | D:1      | Learned a level 2 spell: Swiftness
   533 | D:1      | Learned a level 2 spell: Repel Missiles
  1550 | D:2      | Reached skill level 1 in Fighting
  1688 | D:2      | Reached XP level 3. HP: 23/23 MP: 5/8
  1953 | D:2      | Reached skill level 4 in Air Magic
  2030 | D:2      | Found a blossoming altar of Fedhas.
  2600 | D:2      | Reached XP level 4. HP: 20/28 MP: 6/12
  2734 | D:2      | Learned a level 3 spell: Static Discharge
  2780 | D:3      | Noticed NewYearsCrawler's ghost (average FoFi)
  4494 | D:3      | Reached XP level 5. HP: 25/33 MP: 12/14
  4743 | D:4      | Slain by an orc

Action                   |  1- 3 |  4- 6 || total
-------------------------+-------+-------++-------
Melee: Club              |    13 |       ||    13
       Short sword       |    48 |    16 ||    64
       Unarmed           |     3 |       ||     3
       Mace              |       |    28 ||    28
 Cast: Shock             |    83 |    44 ||   127
       Repel Missiles    |     1 |       ||     1
       Static Discharge  |       |     3 ||     3
  Use: Scroll            |     6 |     2 ||     8
       Potion            |       |     1 ||     1
 Stab: Sleeping          |       |     1 ||     1
  Eat: Chunk             |     4 |     7 ||    11
       Fruit             |       |     2 ||     2
